 Dungeon Crawl Stone Soup version 0.15.2 (webtiles) character file.

126 Amnesiac the Insei (level 4, -9/35 HPs)
             Began as a Mummy Monk on Mar 27, 2018.
             Was a Believer of Dithmenos.
             Mangled by an ogre
             ... wielding a +0 giant club
              (29 damage)
             ... on Level 3 of the Dungeon.
             The game lasted 00:03:10 (2797 turns).

Amnesiac the Insei (Mummy Monk)                     Turns: 2797, Time: 00:03:10

HP  -9/35        AC  2     Str 14      XL: 4   Next: 84%
MP  13/13        EV 12     Int  9      God: Dithmenos [**....]
Gold 132         SH  3     Dex 15      Spells:  0 memorised,  3 levels left

rFire  . . .     SeeInvis .       - Unarmed
rCold  . . .     Clarity  .     a - +0 robe
rNeg   + + +     rCorr    .     j - +0 buckler
rPois  +         rRot     +     (no helmet)
rElec  .         Spirit   .     (no cloak)
SustAb .         Warding  .     (no gloves)
rMut   .         Stasis   .     (no boots)
Gourm  .                        (no amulet)
MR     .....                    i - ring of magical power
                                c - ring of fire

@: wreathed by umbra, not resistant to hostile enchantments, unstealthy
A: no food or potions, fire vulnerability, restore body, cold resistance 1,
negative energy resistance 3, poison resistance, torment resistance, unbreathing
a: Shadow Step, Renounce Religion


You were on level 3 of the Dungeon.
You worshipped Dithmenos.
Dithmenos was pleased with you.
You were not hungry.

You visited 1 branch of the dungeon, and saw 3 of its levels.

You collected 132 gold pieces.

Inventory:

Armour
 a - a +0 robe (worn)
 j - a +0 buckler (worn)
Comestibles
 b - 3 meat rations (quivered)
Scrolls
 d - a scroll of remove curse {unknown}
 e - 2 scrolls of teleportation {unknown}
 f - 3 scrolls of identify {unknown}
 g - 3 scrolls of recharging {unknown}
 h - a scroll of enchant armour {unknown}
Jewellery
 c - a ring of fire (left hand)
 i - a ring of magical power (right hand)
 k - an uncursed ring of sustain abilities {unknown}


   Skills:
 + Level 3.4 Fighting
 + Level 3.0 Dodging
 - Level 1.5 Stealth
 * Level 4.5 Unarmed Combat


You had 3 spell levels left.
You didn't know any spells.

Dungeon Overview and Level Annotations

Branches:
Dungeon (3/15)

Altars:
Dithmenos


Innate Abilities, Weirdness & Mutations

You do not eat or drink.
Your flesh is vulnerable to fire.
Your flesh is cold resistant.
You are immune to negative energy.
Your system is resistant to poisons.
You are immune to unholy pain and torment.
You can survive without breathing.


Message History

The ogre is moderately wounded.
You hit the ogre.
The ogre is heavily wounded.
The ogre hits you with a giant club!
You hit the ogre.
The ogre is severely wounded.
You block the ogre's attack.
You hit the ogre.
The ogre is almost dead.
The ogre closely misses you.
You barely miss the ogre.
The ogre is almost dead.
You closely miss the ogre.
The ogre is almost dead.
The ogre completely misses you.
You hit the ogre but do no damage.
The ogre is almost dead.
The ogre hits you with a giant club!!
Ouch! That really hurt!
You die...

##### #..... #.....
#>.... #.>(..
#.....#### . #.O@..#
#. #####.# #. ####
#.#####.###. #..
#.......#...##.###
#.####..#.##.....#
#..#.##.....#
#.####..#.##.....#####
#.....................
.....<..#.......##[...


You could see an ogre.

Vanquished Creatures
  3 adders
  An inept item mimic (D:3)
  3 worms
  5 giant geckos
  An ooze (D:1)
  3 orcs (D:3)
  10 bats
  3 giant cockroaches
  6 hobgoblins
  6 jackals
  7 kobolds
  A quokka (D:2)
  A ball python (D:1)
  2 giant newts
  10 goblins
  4 rats
66 creatures vanquished.

Notes
Turn   | Place    | Note
--------------------------------------------------------------
     0 | D:1      | Amnesiac, the Mummy Monk, began the quest for the Orb.
     0 | D:1      | Reached XP level 1. HP: 18/18 MP: 1/1
   174 | D:1      | Reached XP level 2. HP: 22/24 MP: 2/2
   472 | D:1      | Reached skill level 4 in Unarmed Combat
   774 | D:1      | Reached XP level 3. HP: 29/29 MP: 3/3
  1585 | D:2      | Found a shadowy altar of Dithmenos.
  1600 | D:2      | Became a worshipper of Dithmenos the Shadowed
  1600 | D:2      | Acquired Dithmenos' first power
  1791 | D:2      | Reached XP level 4. HP: 16/35 MP: 4/4
  2787 | D:3      | Noticed an ogre
  2797 | D:3      | Mangled by an ogre

Action                   |  1- 3 |  4- 6 || total
-------------------------+-------+-------++-------
Melee: Unarmed           |   179 |   102 ||   281
  Use: Scroll            |     1 |       ||     1
 Stab: Sleeping          |     3 |     1 ||     4
